 Dungeon Crawl Stone Soup version 0.25.1-2-g60ff931df9 (webtiles) character file.

Game seed: 6408668285462642730

19201 Allula97 the Fighter (level 12, 0/123 HPs)
             Began as a Minotaur Fighter on Nov 10, 2020.
             Was a Priest of the Shining One.
             Slain by a troll (11 damage)
             ... on level 13 of the Dungeon on Nov 11, 2020.
             The game lasted 00:53:12 (9730 turns).

Allula97 the Fighter (Minotaur Fighter)             Turns: 9730, Time: 00:53:13

Health: 0/123      AC:  0    Str: 23    XL:     12   Next: 34%
Magic:  13/13      EV: 19    Int:  5    God:    the Shining One [***...]
Gold:   289        SH:  5    Dex: 13    Spells: 11/11 levels left

rFire    . . .     SeeInvis .   (weapon currently unavailable)
rCold    . . .     Gourm    .   (shield currently unavailable)
rNeg     + . .     Faith    .   (armour currently unavailable)
rPois    .         Spirit   .   (helmet currently unavailable)
rElec    .         Reflect  +   (cloak currently unavailable)
rCorr    .         Harm     .   (gloves currently unavailable)
MR       .....                  (boots currently unavailable)
Stlth    +.........             r - amulet of reflection
HPRegen  0.70/turn              (ring currently unavailable)
MPRegen  0.13/turn              (ring currently unavailable)

@: pig-form, glowing, very quick
A: small, (retaliatory headbutt), regeneration 1, robust 1
a: Divine Shield, Renounce Religion


You were on level 13 of the Dungeon.
You worshipped the Shining One.
The Shining One was most pleased with you.
You were not hungry.
You were a filthy swine.
You visited 2 branches of the dungeon, and saw 14 of its levels.
You also visited: Ice Cave.

You collected 813 gold pieces.
You spent 524 gold pieces at shops.

Inventory:

Hand Weapons
 a - a +1 long sword
 h - a +0 dagger of venom
 s - a +2 dagger of electrocution
 z - a +5 executioner's axe of freezing (melded)
 L - a +1 hand crossbow of flaming
 W - a +0 arbalest
Missiles
 m - 3 javelins (quivered)
Armour
 e - a cursed +0 plate armour (melded)
 g - a +0 pair of gloves (melded)
 o - a +0 pair of boots (melded)
 E - a +2 cloak of poison resistance (melded)
 H - a +0 kite shield of positive energy
Magical Staves
 d - an uncursed staff of death {unknown}
Jewellery
 q - a +6 ring of strength (melded)
 r - an amulet of reflection (around neck)
 u - an uncursed amulet of magic regeneration {unknown}
 v - a +6 ring of dexterity (melded)
 D - an uncursed amulet of regeneration
 J - an uncursed ring of protection from cold {unknown}
 K - a +4 ring of evasion {unknown}
 M - a cursed amulet of inaccuracy {unknown}
 O - a cursed ring of teleportation {unknown}
Wands
 b - a wand of disintegration (16)
 j - a wand of flame (38)
 t - a wand of paralysis (10)
 y - a wand of iceblast (10)
 F - a wand of digging (4)
Scrolls
 l - 6 scrolls of remove curse
 n - 2 scrolls of blinking
 p - 2 scrolls of teleportation
 A - a scroll of enchant weapon
 G - a scroll of fear
 I - a scroll of amnesia
 T - 2 scrolls of fog
Potions
 i - 2 potions of berserk rage
 k - 2 potions of heal wounds
 w - 4 potions of curing
 x - a potion of mutation
 B - 2 potions of haste
 C - 2 potions of lignification
 N - 5 potions of brilliance
 P - 2 potions of might
Miscellaneous
 Q - a tin of tremorstones (3/3)
 R - a box of beasts
 S - a phial of floods
Comestibles
 c - 11 chunks of flesh
 f - 33 rations


   Skills:
 * Level 11.9 Fighting
 - Level 11.0 Long Blades
 * Level 3.4 Axes
 * Level 11.8 Armour
 * Level 7.9 Dodging
 * Level 11.3 Shields
 + Level 3.7 Invocations


You had 11 spell levels left.
You didn't know any spells.
Your spell library contained the following spells:

 Spells                   Type           Power        Failure   Level  Hunger
 Corona                   Hex            #......      47%         1    ##.....
 Freeze                   Ice            #...         47%         1    ##.....
 Corpse Rot               Necr/Air       N/A          63%         2    ###....
 Ensorcelled Hibernation  Hex/Ice        #.....       63%         2    ###....
 Poisonous Vapours        Pois/Air       #.....       63%         2    ###....
 Sublimation of Blood     Necr           #.........   63%         2    ###....
 Swiftness                Chrm/Air       #.......     63%         2    ###....
 Confusing Touch          Hex            #.......     85%         3    ####...
 Dazzling Flash           Conj/Hex       #.....       85%         3    ####...
 Frozen Ramparts          Ice            #.....       85%         3    ####...
 Mephitic Cloud           Conj/Pois/Air  #.......     85%         3    ####...
 Ozocubu's Armour         Chrm/Ice       #.......     85%         3    ####...
 Tukima's Dance           Hex            #.......     85%         3    ####...
 Airstrike                Air            #.........   99%         4    #####..
 Dispel Undead            Necr           #.......     99%         4    #####..
 Hailstorm                Conj/Ice       #.......     99%         4    #####..
 Summon Ice Beast         Ice/Summ       #.......     99%         4    #####..
 Agony                    Necr           #.......     100%        5    ######.
 Excruciating Wounds      Chrm/Necr      #.........   100%        5    ######.
 Tornado                  Air            #.........   100%        9    #######


Dungeon Overview and Level Annotations

Branches:
Dungeon (13/15)            Temple (1/1) D:7            Lair (0/6) D:8
    Orc (0/2) D:12          IceCv (visited)
 Vaults: D:13-14

Altars:
Ashenzari
Cheibriados
Dithmenos
Elyvilon
Fedhas
Gozag
Hepliaklqana
Kikubaaqudgha
Makhleb
Nemelex Xobeh
Okawaru
Qazlal
Ru
Sif Muna
Trog
Uskayaw
Vehumet
Wu Jian
Xom
Yredelemnul
Zin
The Shining One

Shops:
D:7 [   D:9 [   D:10 ?

Annotations:
D:13 Kirke


Innate Abilities, Weirdness & Mutations

((You reflexively headbutt those who attack you in melee.))
((You have a pair of horns on your head.))
Your natural rate of healing is unusually fast.
You are robust. (+10% HP)


Message History

The troll moves out of view.
A troll comes into view.
The troll shouts!
Found a potion of degeneration.
A troll is nearby!
The troll bites you! You block the troll's attack.
The troll closely misses you. The troll bites you!
You block the troll's attack. The troll misses you.
The troll completely misses you. The troll closely misses you.
You block the troll's attack. The troll bites you!
* * * LOW HITPOINT WARNING * * *
You block the troll's attack. The troll completely misses you.
You block the troll's attack. The troll claws you!
* * * LOW HITPOINT WARNING * * *
The troll completely misses you. You block the troll's attack.
The troll closely misses you. The troll completely misses you.
The troll bites you!
* * * LOW HITPOINT WARNING * * *
The troll completely misses you. The troll claws you!
You die...

### #.## #hT#
##T## #..# #..##
. ##..# #..# ..
#..## ##....##..
#...##..........
##....## #.....
. #.##..##
......


You could see 2 trolls.

Vanquished Creatures
  Josephine (D:10)
  A hydra (D:12)
  2 centaur warriors
  Pikel (D:4)
  4 ugly things
  2 manticores (D:12)
  3 ice statues (IceCv)
  2 rime drakes (D:12)
  Maggie (D:6)
  4 trolls
  A hornet (D:12)
  A hippogriff (D:10)
  9 yaks
  A wyvern (D:13)
  4 wraiths
  A human (D:8)
  3 hungry ghosts
  A basilisk (D:8)
  3 hogs (D:13)
  A steam dragon (D:9)
  Menkaure (D:5)
  An acid dragon (D:13)
  A water moccasin (D:10)
  An orc warrior (D:13)
  2 porcupines (D:8)
  14 ice beasts
  A hornet zombie (D:9)
  4 sky beasts
  A slave (D:4)
  An eye of draining (D:9)
  A black bear (D:8)
  A phantom (D:10)
  3 wolves (D:8)
  8 ogres
  8 centaurs
  4 crocodiles (D:8)
  3 big kobolds
  Blork the orc (D:4)
  8 bullfrogs
  9 killer bees
  3 scorpions
  A howler monkey (D:6)
  An electric eel (D:12)
  7 crimson imps
  3 centaur zombies
  6 hounds
  A bullfrog zombie (D:13)
  5 orc priests
  Crazy Yiuf (D:6)
  A bullfrog skeleton (D:10)
  A jelly (D:10)
  A gnoll shaman (D:8)
  Ijyb (D:4)
  3 iguanas
  9 orc wizards
  2 worker ants
  A centaur simulacrum (D:12)
  A hound skeleton (D:8)
  A howler monkey zombie (D:10)
  A worker ant zombie (D:5)
  Robin (D:4)
  9 gnolls
  14 adders
  3 shadow imps
  3 white imps (D:12)
  An ufetubus (D:12)
  An ooze (D:2)
  2 worms
  An adder skeleton (D:5)
  3 dart slugs
  2 leopard geckos
  21 orcs
  6 ball pythons
  3 giant cockroaches
  16 goblins
  8 hobgoblins
  13 jackals
  3 quokkas
  8 bats
  5 frilled lizards
  19 kobolds
  3 quokka skeletons
  10 rats
324 creatures vanquished.

Vanquished Creatures (others)
  5 plants (D:8)
5 creatures vanquished.

Grand Total: 329 creatures vanquished

Notes
Turn   | Place    | Note
-------+----------+-------------------------------------------
     0 | D:1      | Allula97 the Minotaur Fighter began the quest for the Orb.
     0 | D:1      | Reached XP level 1. HP: 19/19 MP: 0/0
   198 | D:1      | Reached XP level 2. HP: 27/27 MP: 1/1
   807 | D:2      | Reached XP level 3. HP: 24/33 MP: 2/2
   894 | D:2      | Found an opulent altar of Gozag.
   951 | D:2      | Reached skill level 1 in Dodging
  1162 | D:2      | Noticed a +0 hand axe
  1162 | D:2      | Noticed a +0 dagger
  1166 | D:2      | Found a hide-covered altar of Uskayaw.
  1410 | D:3      | Noticed a sky beast
  1431 | D:3      | Reached XP level 4. HP: 37/41 MP: 3/3
  1442 | D:3      | Killed a sky beast
  1442 | D:3      | Reached XP level 5. HP: 30/47 MP: 4/4
  1789 | D:3      | Reached skill level 5 in Fighting
  1789 | D:3      | Reached skill level 5 in Shields
  1789 | D:3      | Reached XP level 6. HP: 55/56 MP: 5/5
  2010 | D:4      | Reached skill level 5 in Armour
  2040 | D:4      | Reached XP level 7. HP: 51/61 MP: 6/6
  2095 | D:4      | Noticed Pikel
  2102 | D:4      | Gained mutation: Your mind is acute. (Int +2) [potion of
                  | mutation]
  2102 | D:4      | Lost mutation: Your mind is acute. (Int +2) [potion of
                  | mutation]
  2102 | D:4      | Gained mutation: Your natural rate of healing is unusually
                  | fast. [potion of mutation]
  2102 | D:4      | Gained mutation: You are robust. (+10% HP) [potion of
                  | mutation]
  2131 | D:4      | Killed Pikel
  2131 | D:4      | Reached skill level 5 in Long Blades
  2187 | D:4      | Noticed Robin
  2189 | D:4      | Reached XP level 8. HP: 76/78 MP: 7/7
  2246 | D:4      | Killed Robin
  2334 | D:4      | Noticed Ijyb
  2350 | D:4      | Killed Ijyb
  2641 | D:4      | Noticed Blork the orc
  2651 | D:4      | Killed Blork the orc
  2783 | D:5      | Entered Level 5 of the Dungeon
  2872 | D:5      | Noticed Menkaure
  2880 | D:5      | Killed Menkaure
  3030 | D:5      | Found a basalt altar of Yredelemnul.
  3278 | D:6      | Identified the Collected Works on Flight
  3548 | D:6      | Noticed Maggie
  3563 | D:6      | Killed Maggie
  3563 | D:6      | Reached XP level 9. HP: 45/88 MP: 8/8
  3729 | D:6      | Found a runed translucent door.
  3730 | D:6      | Noticed Crazy Yiuf
  3735 | D:6      | Killed Crazy Yiuf
  3806 | D:6      | Found a snail-covered altar of Cheibriados.
  3994 | D:7      | Found Isuny's Antique Armour Shop.
  4318 | D:7      | Found a sparkling altar of Nemelex Xobeh.
  4323 | D:7      | Found a shadowy altar of Dithmenos.
  4327 | D:7      | Found a shattered altar of Ashenzari.
  4331 | D:7      | Found an ancient bone altar of Kikubaaqudgha.
  4336 | D:7      | Found a snail-covered altar of Cheibriados.
  4340 | D:7      | Found a blossoming altar of Fedhas.
  4345 | D:7      | Found a sacrificial altar of Ru.
  4399 | D:7      | Found a staircase to the Ecumenical Temple.
  4408 | Temple   | Entered the Ecumenical Temple
  5247 | D:8      | Found a staircase to the Lair.
  5277 | D:8      | Reached skill level 5 in Dodging
  5333 | D:8      | Reached XP level 10. HP: 57/100 MP: 9/9
  6319 | D:9      | Found Xugyjar's Antique Armour Shop.
  6328 | D:9      | Bought a glowing kite shield for 262 gold pieces
  6360 | D:9      | Found a burning altar of Makhleb.
  6499 | D:9      | Found a glowing golden altar of the Shining One.
  6502 | D:9      | Became a worshipper of the Shining One
  6603 | D:9      | Found a glowing golden altar of the Shining One.
  6843 | D:10     | Entered Level 10 of the Dungeon
  6843 | D:10     | Found a shimmering altar of Xom.
  6849 | D:10     | Found a shimmering altar of Xom.
  6853 | D:10     | Found a shimmering altar of Xom.
  6855 | D:10     | Found a shimmering altar of Xom.
  6857 | D:10     | Found a shimmering altar of Xom.
  6857 | D:10     | Found a shimmering altar of Xom.
  6859 | D:10     | Found a shimmering altar of Xom.
  6919 | D:10     | Found Gosat's Magic Scroll Shoppe.
  6919 | D:10     | Noticed Josephine
  6935 | D:10     | Killed Josephine
  6952 | D:10     | Reached skill level 10 in Fighting
  6952 | D:10     | Reached skill level 10 in Shields
  7017 | D:9      | Bought a runed cloak for 262 gold pieces
  7047 | D:10     | Reached skill level 10 in Armour
  7235 | D:10     | Reached XP level 11. HP: 95/110 MP: 10/10
  7304 | D:10     | Reached skill level 1 in Invocations
  7322 | D:10     | Reached * piety under the Shining One
  7497 | D:10     | Reached skill level 10 in Long Blades
  7756 | D:11     | Noticed a centaur warrior
  7767 | D:11     | Killed a centaur warrior
  8237 | D:12     | Noticed a six-headed hydra
  8247 | D:12     | Killed a 13-headed hydra
  8421 | D:12     | Found a frozen archway.
  8444 | IceCv    | Entered an ice cave
  8444 | IceCv    | Reached ** piety under the Shining One
  8490 | IceCv    | Noticed a white ugly thing
  8500 | IceCv    | Killed a white ugly thing
  8653 | IceCv    | Noticed a white ugly thing
  8682 | IceCv    | Killed a white ugly thing
  8916 | D:12     | Noticed a purple ugly thing
  8924 | D:12     | Killed a purple ugly thing
  8924 | D:12     | Reached skill level 1 in Axes
  8924 | D:12     | Reached XP level 12. HP: 97/121 MP: 13/13
  9073 | D:12     | Found a staircase to the Orcish Mines.
  9481 | D:13     | Noticed a centaur warrior
  9487 | D:13     | Killed a centaur warrior
  9680 | D:13     | Noticed Kirke
  9683 | D:13     | Reached *** piety under the Shining One
  9695 | D:13     | Noticed a sphinx
  9730 | D:13     | Slain by a troll

Illustrated notes

Levels and vault maps discovered:
D:1:      lightli_molten_gateway, layout_basic
D:2:      layout_basic, dancing_weapons_uskayaw, grunt_gozag_statues
D:3:      layout_basic
D:4:      layout_loops_ring, uniq_robin, uniq_ijyb, uniq_pikel,
          uniq_blork_the_orc
D:5:      layout_cave_pools, marbit_many_paths, first_ration, uniq_menkaure
D:6:      minmay_chambers_of_fours, layout_loops_ring, basic_altar,
          uniq_crazy_yiuf_cottage, uniq_maggie
D:7:      layout_basic, grunt_temple_overflow_octagram,
          minmay_temple_entry_trees, serial_shops, nicolae_shop_window_shopping
D:8:      layout_basic, minmay_lair_entry_grove, grunt_pizzeria,
          grunt_ministairs_8, minivault_26, minmay_lizard_king
D:9:      layout_cave_pools, tso_oasis_becter, makhleb_grotto_becter,
          serial_shops, shop, nicolae_tso_carved_into_rock
D:10:     layout_irregular_city, serial_shops, shop, nicolae_xom_altar_mimics,
          uniq_josephine
D:11:     layout_basic
D:12:     layout_loops_cross, orc_0_dummy, serial_ice, serial_ice_g,
          serial_ice_c, serial_ice_h, serial_ice_b, portal_ice_cave_rime,
          nicolae_lava_and_water
D:13:     layout_cave_pods, lightli_vaults_fourway_checkpoint, uniq_kirke
Temple:   minmay_temple_curvy_loop

Skill      XL: |  1  2  3  4  5  6  7  8  9 10 11 12 |
---------------+-------------------------------------+-----
Fighting       | 4 5 6 7 9 10 11 | 11.9
Long Blades    | 3 4 5 7 8 9 11 | 11.0
Armour         | 4 5 6 7 8 10 11 | 11.8
Shields        | 4 5 6 7 8 10 11 | 11.3
Dodging        | 1 2 3 4 5 6 7 |  7.9
Invocations    | 3 |  3.7
Axes           | 1 3 |  3.4

Action                   |  1- 3 |  4- 6 |  7- 9 | 10-12 || total
-------------------------+-------+-------+-------+-------++-------
Melee: Long sword        |   131 |    93 |   389 |   384 ||   997
       Headbutt          |    13 |    17 |    94 |   155 ||   279
       Executioner's axe |       |       |       |    73 ||    73
       Unarmed           |       |       |       |     2 ||     2
Invok: Divine Shield     |       |       |       |     1 ||     1
Evoke: Wand              |       |       |       |     2 ||     2
  Use: Potion            |     1 |     2 |     4 |       ||     7
       Scroll            |       |       |    14 |    10 ||    24
  Eat: Chunk             |     2 |     2 |     9 |    11 ||    24
       Ration            |       |       |     1 |     2 ||     3
Armor: Plate armour      |   109 |    39 |   140 |   222 ||   510
       Scale mail        |     4 |       |       |       ||     4
Dodge: Dodged            |    29 |    15 |    78 |   201 ||   323
Block: Kite shield       |   105 |    66 |   350 |   411 ||   932
       Reflection        |     1 |     3 |    12 |    21 ||    37
       Other             |       |       |       |    33 ||    33
       Rpst.: Long sword |     8 |     7 |    21 |    27 ||    63
